 Dungeon Crawl Stone Soup version 0.30-a0-364-gf6b3ef1049 (webtiles) character file.

Game seed: 5255113274899994575

191191 oldriver the Eclecticist (level 17, -1/133 HPs)
             Began as a Mummy Necromancer on Nov 15, 2022.
             Was the Champion of Hepliaklqana.
             Slain by a pharaoh ant (12 damage)
             ... on level 3 of the Spider Nest on Nov 16, 2022.
             The game lasted 01:32:53 (37098 turns).

oldriver the Eclecticist (Mummy Necromancer)       Turns: 37098, Time: 01:32:53

Health: -1/133     AC: 21    Str: 11    XL:     17   Next: 56%
Magic:  41/41      EV: 16    Int: 26    God:    Hepliaklqana [******]
Gold:   1075       SH:  0    Dex: 12    Spells: 22/57 levels left

rFire   x . .      SeeInvis .    Q - +10 trident of Vuakeri {elec, Will+ Int+3}
rCold   + + .      Faith    +    V - +2 kite shield {rC+}
rNeg    + + +      Spirit   .    q - +5 steam dragon scales
rPois   ∞          Reflect  .    b - +2 helmet
rElec   .          Harm     .    U - +0 cloak
rCorr   .          Rampage  .    M - +0 pair of gloves
Will    +++..                    d - +2 pair of boots
Stlth   +.........               f - amulet of regeneration
HPRegen 1.22/turn                r - +4 ring of slaying
MPRegen 0.27/turn                s - +4 ring of evasion

@: confused, studying Short Blades
A: reduced essence, cold resistance 1, negative energy resistance 3, torment
resistance 2, heat vulnerability 1, in touch with death 2, no potions, faith
}: 1/15 runes: decaying
a: Renounce Religion, Recall Ancestor, Ancestor Identity, Transference, Idealise


You were on level 3 of the Spider Nest.
You worshipped Hepliaklqana.
Hepliaklqana was exalted by your worship.
You visited 7 branches of the dungeon, and saw 31 of its levels.
You visited the Abyss 1 time.

You collected 2779 gold pieces.
You spent 1704 gold pieces at shops.

Inventory:

Hand Weapons
 N - a +3 vampiric demon trident
 Q - the +10 trident of Vuakeri (weapon) {elec, Will+ Int+3}
   (You found it on level 12 of the Dungeon)

   It occasionally discharges a powerful burst of electricity upon striking a
   foe.
   Int:       It affects your intelligence (+3).
   Will:      It increases your willpower.
Missiles
 S - 2 throwing nets
Armour
 b - a +2 helmet (worn)
 d - a +2 pair of boots (worn)
 q - +5 steam dragon scales (worn)
 B - the +0 leather armour "Fyzyasuss" {Regen+ Int+2 Dex+4}
   (You found it on level 8 of the Dungeon)

   Int:       It affects your intelligence (+2).
   Dex:       It affects your dexterity (+4).
   Regen:     It increases your rate of health regeneration.
 L - the +18 shield of the Gong {rElec rN+ Will+ EV-5}
   (You found it on level 4 of the Lair of Beasts)

   It is deafeningly noisy when blocking attacks.
   EV:        It affects your evasion (-5).
   rElec:     It insulates you from electricity.
   rN:        It protects you from negative energy.
   Will:      It increases your willpower.
 M - a +0 pair of gloves (worn)
 O - a +0 helmet of intelligence
 U - a +0 cloak (worn)
 V - a +2 kite shield of cold resistance (worn)
Magical Staves
 v - a staff of fire
Jewellery
 f - an amulet of regeneration (around neck)
 j - a ring of wizardry
 p - a ring of willpower
 r - a +4 ring of slaying (left hand)
 s - a +4 ring of evasion (right hand)
 z - a ring of resist corrosion
 A - an amulet of reflection
 C - a ring of flight
 D - a ring of willpower
 H - a ring of wizardry
 P - an amulet of guardian spirit
 R - the ring of Nes Gete {Drain rElec rPois rC+ Int+4}
   (You found it on level 13 of the Dungeon)

   [ring of poison resistance]

   Int:       It affects your intelligence (+4).
   rC:        It protects you from cold.
   rElec:     It insulates you from electricity.
   rPois:     It protects you from poison.
   Drain:     It drains your maximum health when unequipped.
 T - a ring of protection from cold
Wands
 c - a wand of quicksilver (11)
 h - a wand of digging (10)
 o - a wand of paralysis (26)
 F - a wand of flame (47)
 G - a wand of mindburst (8)
 J - a wand of roots (8)
 K - a wand of polymorph (15)
Scrolls
 a - 4 scrolls of amnesia
 e - 6 scrolls of immolation
 g - 8 scrolls of vulnerability
 i - 5 scrolls of fear
 k - 6 scrolls of poison
 l - 19 scrolls of identify
 m - 6 scrolls of teleportation
 n - 3 scrolls of blinking
 t - 3 scrolls of magic mapping
 u - 4 scrolls of butterflies
 E - 3 scrolls of brand weapon
 I - a scroll of torment
 W - a scroll of enchant armour
Miscellaneous
 w - a condenser vane
 x - a tin of tremorstones (2/2)
 y - a box of beasts


   Skills:
 + Level 17.5 Fighting
 + Level 9.6 Polearms
 + Level 8.7 Armour
 + Level 5.8 Dodging
 - Level 3.0 Stealth
 - Level 5.0 Shields
 + Level 20.6 Spellcasting
 - Level 10.0 Necromancy
 - Level 7.0 Air Magic


You had 22 spell levels left.
You knew the following spells:

 Your Spells              Type           Power      Damage    Failure   Level
a - Necrotise             Necr           100%       1d9       1%          1
b - Vampiric Draining     Necr           100%       2d13      1%          3
c - Animate Dead          Necr           100%       N/A       1%          4
d - Death Channel         Necr           54%        N/A       11%         6
e - Agony                 Necr           100%       N/A       1%          5
p - Airstrike             Air            29%        2d(5-21)  2%          4
s - Swiftness             Air            58%        N/A       1%          3
u - Dispel Undead         Necr           100%       3d31      1%          4
v - Borgnjor's Vile Clut  Necr/Erth      43%        N/A       16%         5

Your spell library contained the following spells:

 Spells                   Type           Power      Damage    Failure   Level
 Kiss of Death            Conj/Necr      100%       2d13      1%          1
 Shock                    Conj/Air       100%       1d9       1%          1
 Cigotuvi's Dreadful Rot  Necr/Pois/Air  100%       N/A       1%          2
 Poisonous Vapours        Pois/Air       90%        N/A       1%          2
 Static Discharge         Conj/Air       90%        2-6/arc   1%          2
 Freeze                   Ice            100%       1d10      4%          1
 Sting                    Tmut/Pois      100%       1d8       4%          1
 Kindle Blastsparks       Fire/Tloc/Air  76%        2d16      4%          3
 Mephitic Cloud           Conj/Pois/Air  38%        N/A       4%          3
 Anguish                  Hex/Necr       43%        N/A       5%          4
 Blink                    Tloc           52%        N/A       7%          2
 Ensorcelled Hibernation  Hex/Ice        52%        N/A       7%          2
 Summon Lightning Spire   Summ/Air       45%        N/A       11%         4
 Confusing Touch          Hex            26%        N/A       13%         3
 Frozen Ramparts          Ice            52%        1d8       13%         3
 Gell's Gravitas          Tloc           26%        N/A       13%         3
 Hailstorm                Conj/Ice       26%        3d7       13%         3
 Ignite Poison            Fire/Tmut/Pois 26%        N/A       13%         3
 Ozocubu's Armour         Ice            26%        N/A       13%         3
 Stone Arrow              Conj/Erth      52%        3d10      13%         3
 Summon Guardian Golem    Hex/Summ       26%        N/A       13%         3
 Teleport Other           Tloc           26%        N/A       13%         3
 Lightning Bolt           Conj/Air       22%        1d38      28%         5
 Animate Armour           Summ/Erth      52%        N/A       41%         4
 Iskenderun's Mystic Bla  Conj/Tloc      26%        2d7       41%         4
 Olgreb's Toxic Radiance  Pois           26%        N/A       41%         4
 Petrify                  Tmut/Erth      26%        N/A       41%         4
 Freezing Cloud           Conj/Ice/Air   19%        6-21      43%         5
 Simulacrum               Ice/Necr       43%        N/A       65%         6
 Irradiate                Conj/Tmut      13%        3d16      77%         5
 Iskenderun's Battlesphe  Conj           26%        2d8       77%         5
 Metabolic Englaciation   Hex/Ice        13%        N/A       77%         5
 Dispersal                Tloc           13%        N/A       100%        6
 Iron Shot                Conj/Erth      13%        9d3       100%        6
 Orb of Destruction       Conj           13%        9d7       100%        7
 Ozocubu's Refrigeration  Ice            13%        4d10      100%        7
 Spellforged Servitor     Conj/Summ      13%        N/A       100%        7
 Lehudib's Crystal Spear  Conj/Erth      13%        10d4      100%        8
 Spider Form              Tmut/Pois      Unusable   N/A       N/A         3

Dungeon Overview and Level Annotations

Branches:
Dungeon (15/15)            Temple (1/1) D:4            Lair (5/5) D:9
  Swamp (4/4) Lair:2       Spider (3/4) Lair:3        Slime (0/5) Lair:5
    Orc (2/2) D:11            Elf (0/3) Orc:2        Vaults (0/5) D:13
 Depths (1/4) D:15

Altars:
Ashenzari
Cheibriados
Dithmenos
Fedhas
Gozag
Hepliaklqana
Kikubaaqudgha
Makhleb
Nemelex Xobeh
Okawaru
Qazlal
Ru
Sif Muna
Trog
Uskayaw
Vehumet
Wu Jian
Xom
Yredelemnul
Jiyva

Shops:
D:6 ?**(   D:15 (   Orc:2 ([*=

Annotations:
D:3 2 transporters
D:15 3 runed translucent doors, Ceh Rif's ghost, adept HuWn
Lair:4 2 runed translucent doors, Riheudah's ghost, journeyman TrDe
Spider:2 3 runed translucent doors, Paij's ghost, adept OpCj
Spider:3 Asterion


Innate Abilities, Weirdness & Mutations

Your life essence is reduced to manifest your ancestor. (-10% HP)
You are immune to poison.
Your flesh is cold resistant. (rC+)
You are immune to negative energy. (rN+++)
You are immune to unholy pain and torment.
You are vulnerable to heat. (rF-)
You are strongly in touch with the powers of death.
You do not drink.
You have a special connection with the divine. (Faith)


Message History

Tawil barely misses the emperor scorpion.
Tawil hits the redback with a +0 broad axe of flaming.
Tawil burns the redback.
Tawil hits the tarantella with a +0 broad axe of flaming!
Tawil burns the tarantella.
You are too confused!
You puncture the tarantella!
Lightning courses through the tarantella!!
You kill the tarantella!
The redback closely misses you. The emperor scorpion stings you!!
The emperor scorpion closely misses you.
The emperor scorpion misses you.
The pharaoh ant bites you but does no damage.
The tarantella touches you.
You are more confused.
The redback barely misses you.
Tawil misses the culicivora.
Tawil hits the emperor scorpion but does no damage.
Tawil hits the redback with a +0 broad axe of flaming!
Tawil burns the redback!
The redback dies!
You hit the culicivora.
Lightning courses through the culicivora!
The culicivora is severely wounded.
The pharaoh ant bites you but does no damage.
The tarantella closely misses you.
The emperor scorpion completely misses you.
The emperor scorpion barely misses you. The emperor scorpion claws you.
The culicivora bites you but does no damage.
The emperor scorpion misses you.
The emperor scorpion claws you but does no damage. x2
Tawil barely misses the culicivora.
Tawil closely misses the emperor scorpion.
The tarantella touches you but does no damage.
The pharaoh ant bites you!!
* * * LOW HITPOINT WARNING * * *
You bump into the rock wall.
The culicivora bites you but does no damage.
The tarantella touches you but does no damage.
The culicivora barely misses you. The pharaoh ant bites you!
You die...

......#..####........
.#.#.##...........^$.
# #....^............
...~##...#.......#.#
.... ..#...........#
.. ...............#
..^.......Rs.^###.
..##.....^.ss......
... .....##.@s.....#
..^^...B##......
.#....#....#.^..
#^............#.
....^..#.....^#
....... .B#....
......# .(^..#.
.>.##. .....# ... ..
......


You could see the friendly Tawil the knight, an emperor scorpion, a culicivora
(ally target), a pharaoh ant, a jumping spider and a tarantella.

Vanquished Creatures
  Donald (Swamp:2)
  Louise (Swamp:1)
  Aizul (Swamp:4)
  A very ugly thing (D:15)
  A broodmother (Spider:2)
  3 eleionomae
  A bunyip (Swamp:1)
  A spark wasp (Spider:2)
  An ettin (Depths:1)
  Josephine (D:11)
  An entropy weaver (Spider:2)
  Erolcha (D:12)
  7 hydras
  A catoblepas (Lair:5)
  A centaur warrior (D:13)
  A dancing weapon (D:13)
  5 two-headed ogres
  2 boulder beetles
  8 death yaks
  4 alligators
  A tengu warrior (D:14)
  An orc high priest (Orc:2)
  A deep elf knight (D:13)
  A spriggan berserker (Swamp:4)
  2 spriggans
  5 skeletal warriors (D:14)
  A death drake (Swamp:1)
  A sun moth (Spider:2)
  2 goliath frogs
  3 spriggan druids
  2 glowing orange brains (D:15)
  7 swamp dragons
  A death drake (shapeshifter) (D:15)
  An orb spider (Spider:2)
  A wizard (D:15)
  A steelbarb worm (Spider:1)
  2 bog bodies
  A deep elf zephyrmancer (D:13)
  3 deep elf pyromancers
  6 orc knights
  4 wolf spiders
  3 manticores
  2 orc sorcerers
  An oklob plant (Lair:4)
  An elephant (Lair:5)
  5 ugly things
  3 cyclopes
  Maggie (D:6)
  3 black mambas
  2 gargoyles
  5 cane toads
  3 demonic crawlers
  4 kobold demonologists
  5 komodo dragons
  A freezing wraith (D:14)
  A hydra zombie (Swamp:2)
  5 trolls
  2 blink frogs
  2 polar bears
  6 tarantellas
  16 slime creatures
  5 tyrant leeches
  4 hornets
  12 jumping spiders
  A shadow (D:12)
  A vampire (D:12)
  4 culicivoras
  5 wraiths
  16 yaks
  A centaur simulacrum (D:15)
  A human (shapeshifter) (D:14)
  3 wyverns
  Grum (D:11)
  25 redbacks
  7 swamp worms
  A vampire mosquito (D:12)
  3 steam dragons
  Edmund (D:4)
  A warg (Orc:2)
  Duvessa (D:6)
  8 swamp drakes
  10 water moccasins
  4 sky beasts
  17 orc warriors
  2 ice beasts (D:7)
  A black bear (D:9)
  5 ogres
  10 wolves
  4 centaurs
  2 kobold brigands
  3 scorpions
  3 bullfrogs
  3 necrophages
  Dowan (D:6)
  3 yak zombies (D:11)
  10 killer bees
  2 wolf zombies (D:11)
  3 howler monkeys (D:7)
  2 gnoll boudas
  3 jellies
  16 orc priests
  4 hounds
  3 iguanas
  20 orc wizards
  2 hell rats (Lair:5)
  A killer bee zombie (D:11)
  11 gnolls
  10 adders
  4 white imps
  A worm (D:4)
  2 dart slugs
  46 orcs
  6 ball pythons
  4 bats
  7 endoplasms
  5 giant cockroaches
  5 goblins
  3 hobgoblins
  2 jackals (D:2)
  2 quokkas
  7 frilled lizards
  5 kobolds
  An orc zombie (D:11)
517 creatures vanquished.

Vanquished Creatures (collateral kills)
  Jorgrun (Orc:2)
  Kirke (Lair:3)
  A thorn hunter (Swamp:4)
  A ghost moth (Spider:2)
  A broodmother (Spider:2)
  2 very ugly things (Depths:1)
  An orc warlord (Orc:2)
  Nessos (Lair:5)
  2 eleionomae
  3 bunyips
  An entropy weaver (Spider:1)
  2 rakshasas (D:15)
  3 catoblepae
  13 hydras
  An ogre mage (D:15)
  A dancing weapon (D:13)
  4 two-headed ogres
  2 alligators
  4 death yaks
  3 orc high priests
  Nergalle (Lair:3)
  Sonja (D:13)
  3 pharaoh ants
  3 goliath frogs
  6 swamp dragons
  5 bog bodies
  2 spriggan druids
  An orb spider (Spider:1)
  A necromancer (Swamp:2)
  3 orc sorcerers
  An orc knight (Orc:2)
  7 wolf spiders
  An oklob plant (Lair:4)
  4 manticores
  3 ugly things
  A cyclops (Orc:1)
  6 elephants
  8 will-o-the-wisps
  3 black mambas
  A moth of wrath (Spider:1)
  A demonic crawler (Spider:1)
  7 cane toads
  2 unseen horrors (D:13)
  7 komodo dragons
  Psyche (D:11)
  2 trolls (Orc:1)
  A tyrant leech (Swamp:3)
  A bloated husk (Swamp:2)
  A wind drake (shapeshifter) (D:15)
  5 hornets
  6 tarantellas
  A polar bear (Lair:5)
  15 slime creatures
  4 blink frogs
  9 jumping spiders
  5 culicivoras
  29 yaks
  A wraith (D:11)
  6 spriggans
  2 wyverns (D:9)
  5 hogs (Lair:3)
  A redback (shapeshifter) (D:13)
  2 vampire mosquitoes (D:12)
  2 basilisks
  28 redbacks
  3 steam dragons (D:7)
  6 swamp worms
  15 water moccasins
  An acid dragon (D:10)
  A floating eye (Lair:4)
  6 swamp drakes
  12 orc warriors
  A sky beast (D:7)
  6 ogres
  3 swamp dragon zombies (Swamp:2)
  A black bear (D:9)
  3 centaurs
  11 wolves
  A phantom (D:7)
  7 bullfrogs
  2 gnoll sergeants
  A scorpion (D:9)
  A wight (D:7)
  6 killer bees
  3 howler monkeys (D:9)
  2 electric eels
  A crimson imp (D:7)
  10 orc priests
  2 jellies (Lair:5)
  17 orc wizards
  5 hell rats (Lair:5)
  7 adders (Lair:1)
  6 gnolls
  A white imp (D:7)
  An ufetubus (D:7)
  29 orcs
  6 bats
  3 kobolds
  2 butterflies (Lair:2)
435 creatures vanquished.

Vanquished Creatures (others)
  A goliath frog zombie (Swamp:4)
  4 wolf spider zombies
  5 swamp worm zombies
  A death yak zombie (Lair:5)
  12 redback zombies
  A catoblepas zombie (Lair:3)
  An orb spider zombie (Spider:2)
  5 hydra zombies
  4 bloated husks
  2 jumping spider zombies
  A moth of wrath zombie (Spider:1)
  2 culicivora zombies (Spider:2)
  7 tarantella zombies
  A slime creature zombie (D:13)
  A tyrant leech zombie (Swamp:2)
  A redback (Spider:1)
  An elf zombie (D:15)
  2 black bears
  5 hornet zombies
  3 elephant zombies (Lair:2)
  A swamp dragon zombie (Swamp:4)
  A blink frog zombie (Lair:4)
  4 hog zombies (Lair:3)
  2 komodo dragon zombies (Lair:5)
  2 cyclops zombies
  5 water moccasin zombies
  A human zombie (D:11)
  18 yak zombies
  4 spriggan zombies
  5 wolf zombies
  A centaur zombie (D:7)
  A bullfrog zombie (Lair:4)
  A scorpion zombie (D:6)
  3 killer bee zombies (D:11)
  26 knights
  5 ancestors
  A gnoll zombie (D:11)
  An adder (Lair:1)
  4 adder zombies (Lair:1)
  5 bat zombies (Lair:1)
  An endoplasm zombie (Lair:5)
  29 orc zombies
  50 foxfires
  45 fungi
  78 plants
354 creatures vanquished.

Grand Total: 1306 creatures vanquished

Notes
Turn   | Place    | Note
-------+----------+-------------------------------------------
     0 | D:1      | oldriver the Mummy Necromancer began the quest for the Orb.
     0 | D:1      | Reached XP level 1. HP: 13/13 MP: 4/4
   137 | D:1      | Reached skill level 3 in Spellcasting
   251 | D:1      | Reached skill level 1 in Fighting
   398 | D:1      | Reached XP level 2. HP: 21/21 MP: 3/6
   685 | D:1      | You fall into a shaft and drop 1 floor!
  1303 | D:2      | Gained mutation: You are in touch with the powers of death.
                  | [Mummy growth]
  1303 | D:2      | Reached XP level 3. HP: 27/27 MP: 0/8
  1463 | D:2      | Reached skill level 4 in Spellcasting
  1915 | D:3      | Found a transporter.
  1984 | D:3      | Found a transporter.
  2020 | D:3      | Reached XP level 4. HP: 34/34 MP: 8/10
  2172 | D:3      | Learned a level 3 spell: Vampiric Draining
  2177 | D:3      | Learned a level 4 spell: Animate Dead
  2457 | D:4      | Found a staircase to the Ecumenical Temple.
  2503 | D:4      | Noticed a centaur
  2510 | D:4      | Noticed a centaur
  2514 | D:4      | Killed a centaur
  2515 | D:4      | Reached XP level 5. HP: 20/41 MP: 1/12
  2522 | D:4      | Killed a centaur
  2523 | D:4      | Reached skill level 5 in Spellcasting
  2864 | Temple   | Entered the Ecumenical Temple
  3104 | Temple   | Became a worshipper of Hepliaklqana the Forgotten
  3168 | D:4      | Reached XP level 6. HP: 42/47 MP: 6/13
  3525 | D:4      | Reached skill level 5 in Necromancy
  3781 | D:4      | Noticed Edmund
  3811 | D:4      | Killed Edmund
  3812 | D:4      | Reached skill level 6 in Spellcasting
  4223 | D:5      | Entered Level 5 of the Dungeon
  4264 | D:5      | Reached * piety under Hepliaklqana
  4279 | D:5      | Reached XP level 7. HP: 43/49 MP: 6/16
  4429 | D:5      | Reached skill level 5 in Fighting
  4543 | D:5      | HP: 2/50 [hound (3)]
  4546 | D:5      | Reached skill level 7 in Spellcasting
  5588 | D:6      | Noticed Duvessa
  5590 | D:6      | Reached skill level 1 in Armour
  5590 | D:6      | Reached XP level 8. HP: 57/57 MP: 13/19
  5592 | D:6      | Noticed Maggie
  5630 | D:6      | Found Hoowk's Magic Scroll Boutique.
  5691 | D:6      | Found Ventoh's Assorted Antiques.
  5774 | D:6      | Killed Maggie
  5775 | D:6      | Reached skill level 8 in Spellcasting
  5919 | D:6      | Noticed Dowan
  5933 | D:6      | Killed Duvessa
  5942 | D:6      | Killed Dowan
  6090 | D:6      | Reached skill level 9 in Spellcasting
  6193 | D:6      | Found Aboxtaj's Assorted Antiques.
  6202 | D:6      | Bought a jade ring for 90 gold pieces
  6202 | D:6      | Bought a large silver ring for 90 gold pieces
  6202 | D:6      | Bought a scroll labelled EJUERGH SERU for 18 gold pieces
  6202 | D:6      | Bought a scroll of identify for 36 gold pieces
  6202 | D:6      | Bought a scroll of identify for 36 gold pieces
  6408 | D:6      | Reached XP level 9. HP: 64/64 MP: 9/22
  6639 | D:6      | Reached skill level 10 in Spellcasting
  6690 | D:6      | Got Xycecah's Compendium of Damaging Variation
  6838 | D:6      | Found Pauhur's Weapon Shoppe.
  6987 | D:7      | Reached ** piety under Hepliaklqana
  6988 | D:7      | Remembered your ancestor Tawil as a knight
  7018 | D:7      | Learned a level 3 spell: Swiftness
  7023 | D:7      | Learned a level 4 spell: Airstrike
  7140 | D:7      | Reached skill level 1 in Air Magic
  7151 | D:7      | Noticed a kobold demonologist
  7159 | D:7      | Noticed a red devil
  7159 | D:7      | Killed a kobold demonologist
  7315 | D:7      | Reached skill level 11 in Spellcasting
  7336 | D:7      | Noticed a komodo dragon
  7352 | D:7      | Killed a komodo dragon
  7537 | D:7      | Reached XP level 10. HP: 74/74 MP: 18/25
  7671 | D:7      | Found an iron altar of Okawaru.
  8438 | D:7      | Found a shimmering blue altar of Sif Muna.
  8489 | D:7      | Found an ancient bone altar of Kikubaaqudgha.
  8490 | D:7      | Found a blossoming altar of Fedhas.
  8682 | D:7      | Found a shimmering altar of Xom.
  8683 | D:7      | Found a burning altar of Makhleb.
  9086 | D:8      | Identified the +0 leather armour "Fyzyasuss" {Regen+ Int+2
                  | Dex+4}
  9114 | D:8      | Reached *** piety under Hepliaklqana
  9154 | D:8      | Noticed a two-headed ogre
  9165 | D:8      | Killed a two-headed ogre
  9166 | D:8      | Reached skill level 12 in Spellcasting
  9941 | D:9      | Reached skill level 10 in Fighting
 10118 | D:9      | Reached XP level 11. HP: 81/81 MP: 24/27
 10165 | D:9      | Found a staircase to the Lair.
 10207 | D:9      | Reached skill level 5 in Air Magic
 10709 | D:9      | Reached **** piety under Hepliaklqana
 11098 | Lair:1   | Entered Level 1 of the Lair of Beasts
 11395 | Lair:1   | Found a hide-covered altar of Uskayaw.
 11396 | Lair:1   | Found an ornate altar of the Wu Jian Council.
 11402 | Lair:1   | Noticed a boulder beetle
 11422 | Lair:1   | Killed a boulder beetle
 11423 | Lair:1   | Reached skill level 13 in Spellcasting
 11527 | Lair:1   | Noticed a death yak
 11527 | Lair:1   | Noticed a death yak
 11527 | Lair:1   | Noticed a death yak
 11527 | Lair:1   | Noticed a death yak
 11530 | Lair:1   | Noticed a death yak
 11531 | Lair:1   | Noticed a death yak
 11552 | D:9      | Killed a death yak
 11885 | D:10     | Entered Level 10 of the Dungeon
 11943 | D:10     | Noticed a two-headed ogre
 11955 | D:10     | Killed a two-headed ogre
 12017 | D:10     | Reached ***** piety under Hepliaklqana
 12653 | D:10     | Found a shadowy altar of Dithmenos.
 13020 | D:11     | Noticed Psyche
 13026 | D:11     | Killed Psyche
 13036 | D:11     | Noticed Grum
 13037 | D:11     | Noticed an orc knight
 13041 | D:11     | Noticed Josephine
 13048 | D:11     | Killed Grum
 13052 | D:11     | Your ally Grum died
 13056 | D:11     | Reached skill level 14 in Spellcasting
 13056 | D:11     | Reached XP level 12. HP: 85/90 MP: 12/30
 13079 | D:11     | Your ally Psyche died
 13097 | D:11     | Killed Josephine
 13396 | D:6      | Bought a scroll of enchant armour for 105 gold pieces
 13652 | D:9      | Killed a death yak
 13659 | D:9      | Killed a death yak
 13800 | D:9      | Killed a death yak
 13891 | D:9      | Killed a death yak
 13896 | D:9      | Killed a death yak
 14132 | Lair:1   | Reached skill level 15 in Spellcasting
 15363 | Lair:2   | Reached skill level 16 in Spellcasting
 15390 | Lair:2   | Found a bloodstained altar of Trog.
 15415 | Lair:2   | Gained mutation: You are strongly in touch with the powers
                  | of death. [Mummy growth]
 15415 | Lair:2   | Reached XP level 13. HP: 99/99 MP: 28/33
 15790 | Lair:2   | Found a staircase to the Swamp.
 16022 | Lair:3   | Found a hole to the Spider Nest.
 16166 | Lair:3   | Found a shimmering blue altar of Sif Muna.
 16219 | Lair:3   | Noticed Kirke
 16225 | Lair:3   | Reached skill level 1 in Polearms
 16241 | Lair:3   | Killed Kirke
 16366 | Lair:3   | Reached ****** piety under Hepliaklqana
 16650 | Lair:3   | Noticed Nergalle
 16661 | Lair:3   | Killed Nergalle
 16730 | Lair:3   | Identified the +9 dagger of the Tomato {vorpal, Fly Str+3}
 17167 | Lair:4   | Paralysed by a floating eye for 4 turns
 17211 | Lair:4   | Found a large runed translucent door.
 17212 | Lair:4   | Found a large runed translucent door.
 17223 | Lair:4   | Noticed Riheudah's ghost (journeyman TrDe)
 17486 | Lair:4   | Found the +18 shield of the Gong {rElec rN+ Will+ EV-5}
 18309 | Lair:5   | Entered Level 5 of the Lair of Beasts
 18555 | Lair:5   | Reached skill level 17 in Spellcasting
 18686 | Lair:5   | Reached skill level 5 in Armour
 18688 | Lair:5   | Found a viscous altar of Jiyva.
 18728 | Lair:5   | Noticed Nessos
 18744 | Lair:5   | Killed Nessos
 19062 | Lair:5   | Reached XP level 14. HP: 108/108 MP: 23/35
 19328 | Lair:5   | Reached skill level 5 in Polearms
 19534 | Lair:5   | Identified the +2 helmet of Impermeability {rCorr}
 19641 | Lair:5   | Found a staircase to the Slime Pits.
 19750 | Lair:5   | Reached skill level 15 in Fighting
 20213 | D:6      | Bought 3 scrolls of enchant weapon for 315 gold pieces
 20213 | D:6      | Bought a scroll of enchant weapon for 105 gold pieces
 20230 | D:6      | Bought a scroll of enchant weapon for 232 gold pieces
 20230 | D:6      | Bought a scroll of teleportation for 93 gold pieces
 20230 | D:6      | Bought a glowing helmet for 232 gold pieces
 20405 | Swamp:1  | Entered Level 1 of the Swamp
 20436 | Swamp:1  | Noticed Louise
 20491 | Lair:2   | Reached skill level 18 in Spellcasting
 20696 | Abyss:2  | Cast into level 2 of the Abyss (Louise)
 20752 | Abyss:2  | Noticed a hellephant
 20772 | Abyss:2  | Noticed a starflower
 20772 | Abyss:2  | Noticed a starflower
 20775 | Swamp:1  | Escaped the Abyss
 21094 | Swamp:1  | Killed Louise
 21679 | Swamp:1  | Reached skill level 1 in Shields
 23101 | Swamp:2  | Reached XP level 15. HP: 84/116 MP: 37/37
 23171 | Swamp:2  | Learned a level 6 spell: Death Channel
 23299 | Swamp:2  | Noticed Donald
 23313 | Swamp:2  | Killed Donald
 24696 | Swamp:4  | Entered Level 4 of the Swamp
 25110 | Spider:1 | Entered Level 1 of the Spider Nest
 25251 | Spider:1 | Reached skill level 19 in Spellcasting
 26191 | Spider:2 | Noticed Paij's ghost (adept OpCj)
 26198 | Spider:2 | Found a runed translucent gate.
 26198 | Spider:2 | Found a runed translucent gate.
 26198 | Spider:2 | Found a runed translucent gate.
 26266 | Spider:2 | Identified the +2 barding "Iquss" {Dex+4}
 26696 | Spider:2 | Reached XP level 16. HP: 124/124 MP: 27/39
 27955 | Spider:3 | Noticed Asterion
 28029 | Spider:2 | Learned a level 5 spell: Agony
 28035 | Spider:2 | Learned a level 5 spell: Borgnjor's Vile Clutch
 28320 | D:11     | Found a staircase to the Orcish Mines.
 28780 | Orc:1    | Entered Level 1 of the Orcish Mines
 28794 | Orc:1    | Reached skill level 10 in Necromancy
 28876 | Orc:1    | You fall into a shaft and drop 1 floor!
 28876 | Orc:2    | Entered Level 2 of the Orcish Mines
 28893 | Orc:2    | Found Jeixt's General Store.
 29077 | Orc:2    | Noticed Jorgrun
 29090 | Orc:2    | Killed Jorgrun
 29287 | Orc:2    | Found an iron altar of Okawaru.
 29294 | Orc:2    | Found a staircase to the Elven Halls.
 29613 | Orc:2    | Reached skill level 5 in Shields
 29626 | Orc:2    | Paralysed by an orc sorcerer for 5 turns
 29627 | Orc:2    | Found Hailletu's Antique Armour Shop.
 29627 | Orc:2    | Found Pefapit's Antique Weapon Boutique.
 29633 | Orc:2    | Found Ushredoe's General Store.
 29633 | Orc:2    | Found Qostobb's Jewellery Shop.
 30986 | Orc:2    | Bought a book of Touch for 352 gold pieces
 30991 | Orc:2    | Learned a level 4 spell: Dispel Undead
 31149 | D:12     | Identified the +10 trident of Vuakeri {elec, Will+ Int+3}
 31854 | D:12     | Noticed Erolcha
 31862 | D:12     | Killed Erolcha
 32347 | D:13     | Identified the ring of Nes Gete {Drain rElec rPois rC+
                  | Int+4}
 32390 | D:13     | Noticed Sonja
 32406 | D:13     | Killed Sonja
 32553 | D:13     | Found a gate to the Vaults.
 32585 | D:13     | Reached skill level 20 in Spellcasting
 33147 | D:14     | Got Zevusuulax's Secrets of the Tesseract and
                  | Transformation
 33926 | D:15     | Entered Level 15 of the Dungeon
 33954 | D:15     | Paralysed by a floating eye for 2 turns
 33966 | D:15     | Found Urpho's Antique Weapon Boutique.
 33992 | D:15     | Reached XP level 17. HP: 132/132 MP: 36/41
 34019 | D:15     | Found a runed translucent gate.
 34019 | D:15     | Found a runed translucent gate.
 34020 | D:15     | Found a runed translucent gate.
 34029 | D:15     | Noticed Ceh Rif's ghost (adept HuWn)
 34438 | D:15     | Found a hide-covered altar of Uskayaw.
 34677 | D:15     | Reached skill level 5 in Dodging
 34782 | D:15     | Found a staircase to the Depths.
 35169 | Depths:1 | Entered Level 1 of the Depths
 36362 | Swamp:4  | Noticed Aizul
 36377 | Swamp:4  | Killed Aizul
 36713 | Swamp:4  | Got a decaying rune of Zot
 37098 | Spider:3 | Slain by a pharaoh ant

Illustrated notes

Levels and vault maps discovered:
D:1:      nzn_arrival_settlement, layout_basic, minivault_5,
          supply_closet_lemuel
D:2:      layout_basic, kennysheep_generic_room_10
D:3:      gammafunk_steamed_eel, layout_rooms
D:4:      layout_layer_cave, temple_pool_b, minmay_manual_mares, uniq_edmund
D:5:      minmay_spotlight, layout_loops_ring, serial_bayou_lake_a
D:6:      minmay_chambers_of_fours, layout_basic, serial_shops,
          nicolae_shop_crystal, nicolae_shop_behind_doors, shop,
          nicolae_shop_hallway_stairs, lemuel_flame_loot_1, uniq_maggie,
          uniq_duvessa
D:7:      minmay_the_grid_octo_tiled_octocenter [minmay_the_grid_octo_checkered,
          minmay_the_grid_octo_toaster, minmay_the_grid_octo_tetromino_candy,
          minmay_the_grid_octo_concentric,
          minmay_the_grid_octo_prize_ultimate_mussel_roller,
          minmay_the_grid_square_5x5_fat_x, minmay_the_grid_square_5x5_slash,
          minmay_the_grid_square_5x5_gyroscope,
          minmay_the_grid_square_5x5_shuriken], layout_gridville,
          grunt_temple_overflow_champion_of_chaos,
          chequers_temple_overflow_statue_of_worship,
          mainiacjoe_overflow_cross_hatched
D:8:      layout_rooms
D:9:      layout_irregular_city, minmay_lair_entry_grove, blue_anna_alchemist
D:10:     layout_irregular_city, marbit_many_paths
D:11:     layout_loops_ring, orc_david_3, kennysheep_decorative_pillar,
          minmay_misc_feat_x, uniq_psyche, uniq_grum, uniq_josephine
D:12:     layout_basic, minmay_misc_feat_doors, uniq_erolcha
D:13:     cheibrodos_elevator_heist, layout_rooms, erik_vaults_1, uniq_sonja
D:14:     layout_loops_ring, minmay_misc_feat_iff
D:15:     gammafunk_enter_depths_forms, layout_small_grid,
          nicolae_uskayaw_dance_hall, serial_shops,
          nicolae_shop_temple_entry_statues_fountains,
          gammafunk_ghost_tricky_traps
Temple:   regret_index_temple_generic_petals
Lair:1:   lemuel_reptile_caves, layout_chaotic_city, roderic_batcave,
          st_stairs_10, nzn_masters_of_martial_movement
Lair:2:   layout_layer_cave, nicolae_swamp_entry_splash_gauntlet, basic_altar,
          lemuel_fruit_fields
Lair:3:   layout_gridlike, spider_nest_entry_webs, basic_altar, uniq_kirke,
          uniq_nergalle
Lair:4:   layout_small_grid, ebering_ghost_disaster_area, disabler_island,
          grunt_megastairs_3, lemuel_fruit_tree
Lair:5:   evilmike_catoblepas_cave, layout_regular_city,
          nicolae_slime_entry_slimehenge, uniq_nessos
Swamp:1:  layout_basic_swamp, evilmike_swamp_ruin_house_3, swamp_pool3,
          nicolae_swamp_wisp_ring_woods, uniq_louise
Swamp:2:  nicolae_swamp_husk_halls, layout_basic_swamp,
          evilmike_swamp_ruin_rubble_2, swamp_pool2,
          nicolae_swamp_necromancer_hut, uniq_donald
Swamp:3:  layout_falls_marsh, hangedman_swamp_blocks,
          nicolae_swamp_fairy_circle, infiniplex_staircase_pool_2
Swamp:4:  swamp, layout_basic_swamp, uniq_aizul
Spider:1: layout_spider_delve
Spider:2: layout_chambers, gammafunk_ghost_split, drop_trap
Spider:3: layout_spider_delve, nicolae_spider_baby_got_redback, uniq_asterion
Orc:1:    layout_diamond_mine
Orc:2:    st_orc_congregation, layout_caves, serial_shops,
          nicolae_shop_hallway_stairs, basic_altar, okawaru_metal_pillars_1_2,
          uniq_jorgrun
Depths:1: dreamdust_merry_men, layout_cave_pools, hell_entry, vehumet_crystals,
          abyss_entry, mu_enter_wizlab_7, hangedman_decor_growths,
          kennysheep_generic_room_11

Skill      XL: |  1  2  3  4  5  6  7  8  9 10 11 12 13 14 15 16 17 |
---------------+----------------------------------------------------+-----
Spellcasting   | 3 4 5 6 7 9 11 12 14 16 17 18 19 20 | 20.6
Fighting       | 1 2 3 4 5 7 9 10 11 13 14 15 16 17 | 17.5
Necromancy     | 5 6 7 9 10 | 10.0
Armour         | 1 2 3 5 6 7 8 |  8.7
Stealth        | 2 3 |  3.0
Dodging        | 2 3 4 5 |  5.8
Air Magic      | 3 4 6 7 |  7.0
Polearms       | 4 6 7 8 9 |  9.6
Shields        | 1 4 5 |  5.0

Action                   |  1- 3 |  4- 6 |  7- 9 | 10-12 | 13-15 | 16-18 || total
-------------------------+-------+-------+-------+-------+-------+-------++-------
Melee: Unarmed           |     1 |       |       |       |       |       ||     1
       Spear             |    12 |    17 |   109 |   176 |   642 |   207 ||  1163
       Punch             |       |       |       |     1 |     3 |       ||     4
       Trident           |       |       |       |       |       |   295 ||   295
 Cast: Necrotise         |    62 |    61 |   154 |   282 |   215 |   252 ||  1026
       Vampiric Draining |       |     6 |    23 |    55 |   170 |    75 ||   329
       Animate Dead      |       |       |     1 |    14 |    19 |    14 ||    48
       Airstrike         |       |       |     3 |    47 |    59 |    55 ||   164
       Swiftness         |       |       |       |     1 |     3 |     1 ||     5
       Death Channel     |       |       |       |       |       |    14 ||    14
       Dispel Undead     |       |       |       |       |       |     5 ||     5
       Borgnjor's Vile C |       |       |       |       |       |     1 ||     1
Invok: Ancestor Life: Kn |       |       |     1 |       |       |       ||     1
       Recall Ancestor   |       |       |       |     7 |     8 |     6 ||    21
       Transference      |       |       |       |       |     2 |       ||     2
Evoke: Wand              |       |     2 |     6 |     1 |     6 |       ||    15
       Tin of tremorston |       |       |       |     2 |       |       ||     2
       Box of beasts     |       |       |       |     1 |     1 |     1 ||     3
       Condenser vane    |       |       |       |     1 |     1 |       ||     2
  Use: Scroll            |       |       |    11 |     4 |    17 |     3 ||    35
 Stab: Sleeping          |       |     1 |       |     1 |     4 |       ||     6
       Distracted        |       |       |     1 |       |    15 |     8 ||    24
       Petrified         |       |       |       |       |     4 |       ||     4
       Confused          |       |       |       |       |     1 |       ||     1
Armor: Robe              |     8 |    20 |    20 |       |       |       ||    48
       Steam dragon scal |       |       |    23 |     2 |   390 |   232 ||   647
       Leather armour    |       |       |       |    49 |     2 |       ||    51
Dodge: Dodged            |    14 |    29 |    81 |   208 |   566 |   299 ||  1197
Block: Kite shield       |       |       |       |       |   184 |   211 ||   395
       Buckler           |       |       |       |       |    14 |       ||    14

Table legend: (Time is in decaauts)
 A = Elapsed time spent in this place.
 B = Non-inter-level travel time spent in this place.
 C = Inter-level travel time spent in this place.
 D = Time resting spent in this place.
 E = Time spent auto-exploring this place.
 F = Levels seen in this place.
 G = Mean time per level.
                   A        B        C        D        E       F      G
               +--------+--------+--------+--------+--------+-----+--------+
         Total |  37501 |  34400 |   3101 |   3997 |  22961 |  32 | 1171.9 |
       Dungeon |  18527 |  16662 |   1865 |   1738 |  11857 |  15 | 1235.1 |
        Temple |    276 |    224 |     52 |      0 |    220 |   1 |  276.0 |
          Lair |   7574 |   6916 |    658 |    709 |   4511 |   5 | 1514.8 |
         Swamp |   5621 |   5374 |    247 |   1180 |   2902 |   4 | 1405.2 |
   Spider Nest |   3175 |   3014 |    161 |    247 |   2037 |   3 | 1058.3 |
  Orcish Mines |   2229 |   2113 |    116 |     68 |   1434 |   2 | 1114.5 |
        Depths |     17 |     17 |      0 |      0 |      0 |   1 |   17.0 |
         Abyss |     79 |     79 |      0 |     55 |      0 |   1 |   79.0 |
               +--------+--------+--------+--------+--------+-----+--------+

Top non-repeatable levels by time:
  Lair:2: 2272 daAuts
     D:7: 2269 daAuts
Spider:2: 2100 daAuts
 Swamp:1: 1798 daAuts
     D:9: 1779 daAuts
     D:4: 1729 daAuts
  Lair:5: 1689 daAuts
     D:6: 1549 daAuts
 Swamp:4: 1523 daAuts
   Orc:2: 1398 daAuts
    D:15: 1376 daAuts
  Lair:4: 1291 daAuts
 Swamp:2: 1257 daAuts
    D:12: 1250 daAuts
  Lair:1: 1235 daAuts
